 Dungeon Crawl Stone Soup version 0.30.0-29-ga12c61a403 (webtiles) character file.

Game seed: 18063908638046403370

785 LustLizard the Digger (level 7, -2/41 HPs)
             Began as a Gargoyle Earth Elementalist on June 23, 2023.
             Was an Initiate of Makhleb.
             Slain by an iguana (8 damage)
             ... on level 5 of the Dungeon.
             The game lasted 00:05:18 (4218 turns).

LustLizard the Digger (Gargoyle Earth Elementalist) Turns: 4218, Time: 00:05:18

Health: -2/41      AC:  7    Str: 12      XL:     7   Next: 86%
Magic:  4/12       EV: 11    Int: 17      God:    Makhleb [......]
Gold:   247        SH:  0    Dex:  9 (10) Spells: 9/13 levels left

rFire   . . .        c - +4 mace (venom)
rCold   + . .        (no shield)
rNeg    + . .        a - +0 robe
rPois   ∞            f - +0 helmet
rElec   +            (no cloak)
rCorr   .            (no gloves)
SInv    .            (no boots)
Will    .....        i - amulet of the acrobat
Stlth   ++           h - ring of flight
HPRegen 0.26/turn    j - ring of protection from cold
MPRegen 0.13/turn

%: acrobat
@: flying, very slightly contaminated
A: sickness immunity, AC +4, negative energy resistance 1, electricity
resistance, torment resistance 1, petrification resistance
a: Renounce Religion


You were on level 5 of the Dungeon.
You worshipped Makhleb.
Makhleb was noncommittal.
You visited 1 branch of the dungeon, and saw 5 of its levels.

You collected 247 gold pieces.

Inventory:

Hand Weapons
 c - a +4 mace of venom (weapon)
Missiles
 u - 2 throwing nets
Armour
 a - a +0 robe (worn)
 f - a +0 helmet (worn)
 x - the +0 leather armour "Nuapreag" {rF+}
   (You took it off Sigmund on level 3 of the Dungeon)

   rF:        It protects you from fire.
Jewellery
 h - a ring of flight (left hand)
 i - an amulet of the acrobat (around neck)
 j - a ring of protection from cold (right hand)
 l - a ring of ice
 v - a ring of protection from fire
 z - a ring of positive energy
Wands
 w - a wand of iceblast (6)
Scrolls
 d - 2 scrolls of identify {unknown}
 e - a scroll of fear {unknown}
 g - a scroll of acquirement {unknown}
 n - a scroll of noise {unknown}
 q - a scroll of magic mapping {unknown}
 y - 2 scrolls of amnesia {unknown}
Potions
 b - 2 potions of magic
 k - a potion of curing {unknown}
 m - a potion of flight {unknown}
 o - 2 potions of degeneration {unknown}
 p - 2 potions of attraction {unknown}
 r - a potion of cancellation {unknown}
 s - a potion of might {unknown}
 t - 2 potions of haste {unknown}
 A - a potion of lignification {unknown}


   Skills:
 + Level 3.2 Fighting
 - Level 1.5 Dodging
 - Level 4.0 Stealth
 + Level 3.7 Spellcasting
 * Level 4.4 Conjurations
 - Level 0.7 Transmutations
 * Level 6.7 Earth Magic


You had 9 spell levels left.
You knew the following spells:

 Your Spells              Type           Power      Damage    Failure   Level
a - Sandblast             Erth           52%        2d12      1%          1
b - Stone Arrow           Conj/Erth      44%        3d9       4%          3

Your spell library contained the following spells:

 Spells                   Type           Power      Damage    Failure   Level
 Passwall                 Tmut/Erth      12%        N/A       5%          2
 Petrify                  Tmut/Erth      15%        N/A       34%         4


Dungeon Overview and Level Annotations

Branches:
Dungeon (5/15)
 Temple: D:4-7

Altars:
Hepliaklqana
Makhleb
Vehumet
Zin


Innate Abilities, Weirdness & Mutations

You are immune to sickness and miasma.
Your stone body is resilient. (AC +4)
You are immune to poison.
You resist negative energy. (rN+)
You are resistant to electric shocks. (rElec)
You are resistant to unholy torment.
You are immune to petrification.


Message History

Casting: Stone Arrow (dangerous; 4% risk of failure)
Confirm with . or Enter, or press ? or * to list all spells.
Aiming: Stone Arrow (dangerous; 4% risk of failure)
Press: ? - help, Shift-Dir - straight line, f/p - black bear
Aim: a black bear (lightly wounded, 79% to hit)
The stone arrow misses the black bear.
Unknown command.
You hit the black bear.
The black bear is moderately wounded.
The black bear bites you.
The black bear claws you but does no damage.
The black bear completely misses you.
You closely miss the black bear.
The black bear is moderately wounded.
The black bear bites you but does no damage.
The black bear claws you but does no damage.
The black bear claws you.
The iguana bites you but does no damage.
The black bear bites you. The black bear claws you.
The black bear claws you but does no damage.
You sock the black bear!
The black bear is heavily wounded.
The iguana bites you. The black bear misses you.
The black bear closely misses you. The black bear completely misses you.
Unknown command.
You barely miss the black bear. Your punch misses the black bear.
The black bear is heavily wounded.
The iguana bites you! The black bear barely misses you.
The black bear claws you but does no damage.
The black bear barely misses you.
Unknown command.
You hit the black bear but do no damage.
The black bear is heavily wounded.
The iguana closely misses you. The black bear bites you.
* * * LOW HITPOINT WARNING * * *
The black bear claws you.
* * * LOW HITPOINT WARNING * * *
The black bear claws you but does no damage.
The iguana bites you!
You die...

#.......# #.......^
#.......# ##.......# .
.........# ..
#.......####^### ###
#......lh....... ..####
#.....$.@.......
#....#####.........#..##
#...........#...####
#.#.....##..#...####
#.#....#.............
#..#..#....###.######
#...###....# #.# #...
##...# #.# #...
#..#......#


You could see a black bear and an iguana.

Vanquished Creatures
  Sigmund (D:3)
  Eustachio (D:5)
  A crimson imp (D:4)
  A jelly (D:4)
  A gnoll bouda (D:4)
  Terence (D:3)
  2 iguanas
  15 gnolls
  6 adders
  4 worms
  4 dart slugs
  2 orcs
  10 ball pythons
  6 endoplasms
  6 giant cockroaches
  7 goblins
  7 hobgoblins
  4 quokkas
  5 bats
  3 frilled lizards
  7 kobolds
  5 rats
99 creatures vanquished.

Notes
Turn   | Place    | Note
-------+----------+-------------------------------------------
     0 | D:1      | LustLizard the Gargoyle Earth Elementalist began the quest
                  | for the Orb.
     0 | D:1      | Reached XP level 1. HP: 10/10 MP: 3/3
   116 | D:1      | Reached XP level 2. HP: 16/16 MP: 5/5
   160 | D:1      | Reached skill level 4 in Earth Magic
   497 | D:1      | Reached skill level 1 in Fighting
   626 | D:1      | Reached XP level 3. HP: 20/20 MP: 4/6
   921 | D:2      | Learned a level 3 spell: Stone Arrow
  1280 | D:2      | Found a faded altar of an unknown god.
  1352 | D:2      | Reached XP level 4. HP: 25/25 MP: 5/7
  1458 | D:2      | Reached skill level 1 in Conjurations
  2333 | D:3      | Noticed Sigmund
  2363 | D:3      | Reached XP level 5. HP: 13/30 MP: 0/8
  2480 | D:3      | Reached skill level 5 in Earth Magic
  2482 | D:3      | Noticed Terence
  2835 | D:3      | Identified the +0 leather armour "Nuapreag" {rF+}
  2846 | D:3      | Killed Sigmund
  2847 | D:3      | Reached XP level 6. HP: 24/36 MP: 0/10
  2954 | D:3      | Found a hazy altar of Hepliaklqana.
  3166 | D:3      | Killed Terence
  3503 | D:4      | Reached XP level 7. HP: 38/40 MP: 6/11
  3615 | D:4      | Reached skill level 6 in Earth Magic
  3907 | D:4      | Found a glowing silver altar of Zin.
  4055 | D:4      | Found a radiant altar of Vehumet.
  4055 | D:4      | Found a burning altar of Makhleb.
  4064 | D:4      | Became a worshipper of Makhleb the Destroyer
  4106 | D:5      | Entered Level 5 of the Dungeon
  4136 | D:5      | Noticed Eustachio
  4161 | D:5      | Killed Eustachio
  4218 | D:5      | Slain by an iguana

Illustrated notes

Levels and vault maps discovered:
D:1:      dpeg_arrival_refuge, layout_loops_ring, bh_walls_and_bars
D:2:      minmay_skewed_foursquare, layout_basic, shapermc_ecumenical_altar_venn
D:3:      layout_basic, worldfamousw_hep_ancestral_shrine, uniq_sigmund,
          uniq_terence
D:4:      layout_rooms, zin_academy, grunt_temple_overflow_lords_of_destruction,
          minmay_misc_feat_encased, serial_bayou_lake_a
D:5:      layout_loops_ring, lemuel_tele_altar, general_overflow_altar,
          temple_fountains, portal_sewer_entry_b, minmay_misc_feat_chi,
          chequers_serial_rivers_micro_e, hangedman_decor_peaks_small,
          nicolae_shop_unique_rings, minmay_ogre_servants, uniq_eustachio

Skill      XL: |  1  2  3  4  5  6  7 |
---------------+----------------------+-----
Earth Magic    | 4 5 6 |  6.7
Fighting       | 1 2 3 |  3.2
Conjurations   | 1 3 4 |  4.4
Stealth        | 3 4 |  4.0
Spellcasting   | 3 |  3.7
Dodging        | |  1.5
Transmutations | |  0.7

Action                     |  1- 3 |  4- 6 |  7- 9 || total
---------------------------+-------+-------+-------++-------
  Melee: Mace              |     1 |     4 |    38 ||    43
         Punch             |       |       |     3 ||     3
   Cast: Sandblast         |    44 |    71 |    23 ||   138
         Stone Arrow       |       |     4 |     7 ||    11
 Armour: Robe              |     2 |     7 |    38 ||    47
  Dodge: Dodged            |     6 |    26 |    56 ||    88
